ESL (28 & UNDER)
NEWARK BULLDOGS @ BUFFALO LIGHTSABRES
06/11/2028
 
TOP OF THE 1ST
Newark Bulldogs batting - Pitching for Buffalo LightSabres : RHP Stan Payne
Pitching: RHP Stan Payne
Batting: LHB Gerardo Guzmán 0-0: Ball
1-0: Called Strike
1-1: SOLO HOME RUN (Flyball, 9D), Distance : 371 ft
Batting: RHB Tony Long 0-0: Ball
1-0: Ball
2-0: Ball
3-0: Base on Balls
Batting: RHB Joe Baker 0-0: Ball
1-0: Called Strike
1-1: Swinging Strike
1-2: Foul Ball, location: 2F
1-2: Strikes out swinging
Batting: RHB Ken McDonald 0-0: Ball
1-0: Ball
2-0: Foul Ball, location: 2F
2-1: Ball
3-1: Called Strike
3-2: Base on Balls
Tony Long to second
Batting: LHB Gabriel Aragón 0-0: Ball
1-0: Swinging Strike
1-1: Fly out, F8 (Flyball, 8RD)
Runner from 2nd tags up, SAFE at 3rd, no throw
Batting: RHB Norris Howard 0-0: Called Strike
0-1: Ball
1-1: Ball
2-1: Fielders Choice at 2nd, 5-4 (Groundball, 56)
Top of the 1st over - 1 run(s), 1 hit(s), 0 error(s), 1 left on base; Newark 1 - Buffalo 0
BOTTOM OF THE 1ST
Buffalo LightSabres batting - Pitching for Newark Bulldogs : RHP Gonzalo Benetti
Pitching: RHP Gonzalo Benetti
Batting: LHB Matt Ruskin 0-0: SINGLE (Groundball, 56D)
Batting: RHB Gabriel Ángel 0-0: Ball
1-0: Foul Ball, location: 2F
1-1: Foul Ball, location: 2F
1-2: Foul Ball, location: 2F
1-2: Foul Ball, location: 2F
1-2: Foul Ball, location: 2F
1-2: Ball
Matt Ruskin steals 2nd base
2-2: SINGLE (Flyball, 8LS)
Matt Ruskin to third
Batting: LHB Garrett King 0-0: Ball
1-0: Ball
2-0: Fly out, F7 (Flyball, 7LM)
Runner from 3rd tags up, SCORES, no throw
Batting: LHB Zack Payton 0-0: Ball
1-0: Ball
2-0: Foul Ball, location: 2F
2-1: Foul Ball, location: 2F
2-2: Foul Ball, location: 2F
2-2: Foul Ball, location: 2F
2-2: Foul Ball, location: 2F
2-2: SINGLE (Line Drive, 89S)
Gabriel Ángel to second
Batting: RHB John Warren 0-0: SINGLE (Line Drive, 78S)
Gabriel Ángel to third
Zack Payton to second
Batting: LHB Craig Kenney 0-0: Ball
1-0: Ball
2-0: Ball
3-0: Base on Balls
Gabriel Ángel scores
Zack Payton to third
John Warren to second
Batting: LHB Leslie Adams 0-0: Fly out, F4 (Popup, 34D)
Batting: RHB Augusto Padilla 0-0: Ball
1-0: Swinging Strike
1-1: Foul Ball, location: 2F
1-2: Ball
2-2: Foul Ball, location: 2F
2-2: Ball
3-2: Base on Balls
Zack Payton scores
John Warren to third
Craig Kenney to second
Batting: RHB Pedro Romero 0-0: Called Strike
0-1: Ball
1-1: Fielders Choice at 2nd, 6-4 (Groundball, 6)
Bottom of the 1st over - 3 run(s), 4 hit(s), 0 error(s), 2 left on base; Newark 1 - Buffalo 3
TOP OF THE 2ND
Newark Bulldogs batting - Pitching for Buffalo LightSabres : RHP Stan Payne
Batting: RHB Emílio Salas 0-0: Called Strike
0-1: DOUBLE (Line Drive, 78M)
Batting: LHB Gabriel MacNeill 0-0: Ball
1-0: Swinging Strike
1-1: Ball
2-1: Called Strike
2-2: Ball
3-2: Strikes out swinging
Batting: RHB Michael Skinner 0-0: Called Strike
0-1: Swinging Strike
0-2: Ball
1-2: Ball
2-2: Foul Ball, location: 2F
2-2: Strikes out swinging
Batting: LHB Gerardo Guzmán 0-0: 2-RUN HOME RUN (Flyball, 78XD), Distance : 403 ft
Batting: RHB Tony Long 0-0: Called Strike
0-1: Ball
1-1: Ball
2-1: Foul Ball, location: 2F
2-2: Foul Ball, location: 2F
2-2: Ball
3-2: Foul Ball, location: 2F
3-2: Base on Balls
Batting: RHB Joe Baker 0-0: Called Strike
0-1: Ball
1-1: Ball
2-1: SINGLE (Groundball, 5D)
Tony Long to second
Batting: RHB Ken McDonald 0-0: Ball
1-0: Fly out, F6 (Line Drive, 6D)
Top of the 2nd over - 2 run(s), 3 hit(s), 0 error(s), 2 left on base; Newark 3 - Buffalo 3
BOTTOM OF THE 2ND
Buffalo LightSabres batting - Pitching for Newark Bulldogs : RHP Gonzalo Benetti
Batting: LHB Matt Ruskin 0-0: Ball
1-0: Ball
2-0: Bunt for hit - play at first, batter OUT! 5-3
Batting: RHB Gabriel Ángel 0-0: Ball
1-0: Ball
2-0: Ball
3-0: Called Strike
3-1: Foul Ball, location: 2F
3-2: Ground out 4-3 (Groundball, 4)
Batting: LHB Garrett King 0-0: Ground out 6-3 (Groundball, 6MD)
Bottom of the 2nd over - 0 run(s), 0 hit(s), 0 error(s), 0 left on base; Newark 3 - Buffalo 3
TOP OF THE 3RD
Newark Bulldogs batting - Pitching for Buffalo LightSabres : RHP Stan Payne
Batting: LHB Gabriel Aragón 0-0: SINGLE (Line Drive, 8RS)
Batting: RHB Norris Howard 0-0: Called Strike
0-1: Ball
1-1: Ball
2-1: SINGLE (Groundball, 6D)
Gabriel Aragón to second
Batting: RHB Emílio Salas 0-0: Ball
1-0: Ball
2-0: Ball
3-0: Base on Balls
Gabriel Aragón to third
Norris Howard to second
Batting: LHB Gabriel MacNeill 0-0: Ball
1-0: Ball
2-0: Ball
3-0: Foul Ball, location: 2F
3-1: Swinging Strike
3-2: Strikes out swinging
Batting: RHB Michael Skinner 0-0: Foul Ball, location: 2F
0-1: DOUBLE (Flyball, 8RD)
Gabriel Aragón scores
Norris Howard scores
Emílio Salas to third
Batting: LHB Gerardo Guzmán 0-0: Called Strike
0-1: Ball
1-1: Ball
2-1: Ball
3-1: Base on Balls
Batting: RHB Tony Long 0-0: Ball
1-0: Called Strike
1-1: Ball
2-1: Ball
3-1: Base on Balls
Emílio Salas scores
Michael Skinner to third
Gerardo Guzmán to second
Batting: RHB Joe Baker 0-0: SINGLE (Line Drive, 5D)
Michael Skinner scores
Gerardo Guzmán to third
Tony Long to second
Runner from 3rd tries for Home, SAFE, no throw
Pitching: LHP Mike O'Brien
Batting: RHB Ken McDonald 0-0: Ball
1-0: Ball
2-0: Swinging Strike
2-1: Foul Ball, location: 2F
2-2: Ball
3-2: Foul Ball, location: 2F
3-2: Base on Balls
Tony Long to third
Joe Baker to second
Batting: LHB Gabriel Aragón 0-0: Called Strike
0-1: Foul Ball, location: 2F
0-2: Fly out, F8 (Flyball, 8RXD)
Runner from 3rd tags up, SCORES, no throw
Batting: RHB Norris Howard 0-0: Called Strike
0-1: Swinging Strike
0-2: Ball
1-2: SINGLE (Groundball, 56D)
Joe Baker to third
Ken McDonald to second
Runner from 3rd tries for Home, SAFE, no throw
Batting: RHB Emílio Salas 0-0: 3-RUN HOME RUN (Flyball, 7D), Distance : 377 ft
Batting: LHB Gabriel MacNeill 0-0: Ground out 6-3 (Groundball, 6)
Top of the 3rd over - 10 run(s), 6 hit(s), 0 error(s), 0 left on base; Newark 13 - Buffalo 3
BOTTOM OF THE 3RD
Buffalo LightSabres batting - Pitching for Newark Bulldogs : RHP Gonzalo Benetti
Batting: LHB Zack Payton 0-0: Called Strike
0-1: Ball
1-1: Ball
2-1: Foul Ball, location: 2F
2-2: Foul Ball, location: 2F
2-2: Ball
3-2: SINGLE (Flyball, 8LS)
Batting: RHB John Warren 0-0: Called Strike
0-1: SINGLE (Line Drive, 78S)
Zack Payton to second
Batting: LHB Craig Kenney 0-0: Ball
1-0: Called Strike
1-1: Ball
2-1: Ball
3-1: Swinging Strike
3-2: Foul Ball, location: 2F
3-2: Base on Balls
Zack Payton to third
John Warren to second
Batting: LHB Leslie Adams 0-0: Grounds into double play, 4-6-3 (Groundball, 4)
Zack Payton scores
John Warren to third
Batting: RHB Augusto Padilla 0-0: Swinging Strike
0-1: Ball
1-1: Ball
2-1: Ball
3-1: Swinging Strike
3-2: Strikes out looking
Bottom of the 3rd over - 1 run(s), 2 hit(s), 0 error(s), 1 left on base; Newark 13 - Buffalo 4
TOP OF THE 4TH
Newark Bulldogs batting - Pitching for Buffalo LightSabres : LHP Mike O'Brien
Pitching: RHP Gavin Robbins
Batting: RHB Michael Skinner 0-0: Ball
1-0: Foul Ball, location: 2F
1-1: Foul Ball, location: 2F
1-2: Ball
2-2: SINGLE (Groundball, 4MD)
Batting: LHB Gerardo Guzmán 0-0: Ball
1-0: Swinging Strike
1-1: Foul Ball, location: 2F
1-2: Ball
2-2: Ball
3-2: Foul Ball, location: 2F
3-2: Base on Balls
Michael Skinner to second
Batting: RHB Tony Long 0-0: Called Strike
0-1: Called Strike
0-2: Reached on error, E5 (Groundball, 56)
Michael Skinner to third
Gerardo Guzmán to second
Batting: RHB Joe Baker 0-0: SINGLE (Line Drive, 78M)
Michael Skinner scores
Gerardo Guzmán to third
Tony Long to second
Batting: RHB Ken McDonald 0-0: Ball
1-0: Swinging Strike
1-1: Ball
2-1: Swinging Strike
2-2: SINGLE (Flyball, 9S)
Gerardo Guzmán scores
Tony Long to third
Joe Baker to second
Batting: LHB Gabriel Aragón 0-0: Called Strike
0-1: Ball
1-1: Fly out, F8 (Flyball, 8LD)
Runner from 3rd tags up, SCORES, no throw
Joe Baker to third
Pitching: RHP Travis Whitney
Batting: RHB Norris Howard 0-0: Ball
1-0: Ball
2-0: Called Strike
2-1: SINGLE (Line Drive, 7S)
Joe Baker scores
Ken McDonald to second
Batting: RHB Emílio Salas 0-0: Fly out, F8 (Flyball, 8LM)
Batting: LHB Gabriel MacNeill 0-0: Called Strike
0-1: SINGLE (Line Drive, 6D)
Ken McDonald to third
Norris Howard to second
Runner from 3rd tries for Home, SAFE, no throw
Batting: RHB Michael Skinner 0-0: Ball
1-0: Foul Ball, location: 2F
1-1: Foul Ball, location: 2F
1-2: Ball
2-2: Fly out, F9 (Flyball, 89S)
Top of the 4th over - 5 run(s), 5 hit(s), 1 error(s), 2 left on base; Newark 18 - Buffalo 4
BOTTOM OF THE 4TH
Buffalo LightSabres batting - Pitching for Newark Bulldogs : RHP Gonzalo Benetti
Batting: RHB Pedro Romero 0-0: Called Strike
0-1: Ball
1-1: Ground out 5-3 (Groundball, 56S)
Batting: LHB Matt Ruskin 0-0: Called Strike
0-1: SINGLE (Line Drive, 56)
Batting: RHB Gabriel Ángel 0-0: Ball
1-0: Ground out 5-3 (Groundball, 56S)
Matt Ruskin to second
Batting: LHB Garrett King 0-0: Called Strike
0-1: Ball
1-1: DOUBLE (Line Drive, 7LD)
Matt Ruskin scores
Batting: LHB Zack Payton 0-0: Ball
1-0: Foul Ball, location: 2F
1-1: Ball
2-1: Called Strike
2-2: Ground out 4-3 (Groundball, 4)
Bottom of the 4th over - 1 run(s), 2 hit(s), 0 error(s), 1 left on base; Newark 18 - Buffalo 5
TOP OF THE 5TH
Newark Bulldogs batting - Pitching for Buffalo LightSabres : RHP Travis Whitney
Batting: LHB Gerardo Guzmán 0-0: Ball
1-0: Ball
2-0: Ball
3-0: Base on Balls
Batting: RHB Tony Long 0-0: Called Strike
0-1: Ground out 5-3 (Groundball, 56S)
Gerardo Guzmán to second
Batting: RHB Joe Baker 0-0: Ball
1-0: Foul Ball, location: 2F
1-1: Ball
2-1: Foul Ball, location: 2F
2-2: Strikes out swinging
Batting: RHB Ken McDonald 0-0: Called Strike
0-1: Ball
1-1: Ball
2-1: SINGLE (Flyball, 9LS)
Gerardo Guzmán to third
Runner from 3rd tries for Home, SAFE, no throw
Batting: LHB Gabriel Aragón 0-0: Ball
1-0: Foul Ball, location: 2F
1-1: Called Strike
1-2: 2-RUN HOME RUN (Flyball, 9LD), Distance : 343 ft
Batting: RHB Norris Howard 0-0: Ground out 6-3 (Groundball, 6)
Top of the 5th over - 3 run(s), 2 hit(s), 0 error(s), 0 left on base; Newark 21 - Buffalo 5
BOTTOM OF THE 5TH
Buffalo LightSabres batting - Pitching for Newark Bulldogs : RHP Gonzalo Benetti
Batting: RHB John Warren 0-0: Ball
1-0: Called Strike
1-1: Swinging Strike
1-2: Foul Ball, location: 2F
1-2: Ball
2-2: Ball
3-2: Foul Ball, location: 2F
3-2: Fly out, F9 (Line Drive, 89M)
Batting: LHB Craig Kenney 0-0: Called Strike
0-1: Swinging Strike
0-2: Ball
1-2: SINGLE (Line Drive, 9S)
Pitching: RHP José Gonzáles
Batting: LHB Leslie Adams 0-0: Ball
1-0: SINGLE (Groundball, 56D)
Craig Kenney to second
Batting: RHB Augusto Padilla 0-0: Foul Ball, location: 2F
0-1: Ball
1-1: Foul Ball, location: 2F
1-2: Ball
2-2: Fly out, F8 (Flyball, 8RM)
Batting: RHB Pedro Romero 0-0: Fielders Choice at 2nd, 6-4 (Groundball, 6)
Bottom of the 5th over - 0 run(s), 2 hit(s), 0 error(s), 1 left on base; Newark 21 - Buffalo 5
TOP OF THE 6TH
Newark Bulldogs batting - Pitching for Buffalo LightSabres : RHP Travis Whitney
Batting: RHB Emílio Salas 0-0: Ground out 4-3 (Groundball, 4)
Batting: LHB Gabriel MacNeill 0-0: Foul Ball, location: 2F
0-1: Ball
1-1: Ball
2-1: Ball
3-1: Base on Balls
Pitching: RHP Domingo Rodríguez
Batting: RHB Michael Skinner 0-0: Called Strike
0-1: DOUBLE (Flyball, 78D)
Gabriel MacNeill to third
Runner from 3rd tries for Home, SAFE, no throw
Batting: LHB Gerardo Guzmán 0-0: Ball
Wild Pitch!
Michael Skinner to third
1-0: Ball
2-0: Ball
3-0: Base on Balls
Batting: RHB Tony Long 0-0: Ball
Throwing error on steal attempt, E2
Michael Skinner scores
Gerardo Guzmán to third
1-0: Called Strike
1-1: Fly out, F7 (Line Drive, 7D)
Runner from 3rd tags up, SCORES, no throw
Batting: RHB Joe Baker 0-0: Ball
1-0: Called Strike
1-1: Ball
2-1: Ball
3-1: Foul Ball, location: 2F
3-2: Base on Balls
Pinch Hitting: RHB Peter Sexton 0-0: Ball
1-0: Fly out, F8 (Line Drive, 8LS)
Top of the 6th over - 3 run(s), 1 hit(s), 1 error(s), 1 left on base; Newark 24 - Buffalo 5
BOTTOM OF THE 6TH
Buffalo LightSabres batting - Pitching for Newark Bulldogs : RHP José Gonzáles
Now at 1B: Wilson Flores
Batting: LHB Matt Ruskin 0-0: Ball
1-0: Ground out 1-3 (Groundball, 13S)
Batting: RHB Gabriel Ángel 0-0: Foul Ball, location: 2F
0-1: Ball
1-1: Ball
2-1: Swinging Strike
2-2: Foul Ball, location: 2F
2-2: Strikes out swinging
Batting: LHB Garrett King 0-0: Called Strike
0-1: DOUBLE (Flyball, 8LXD)
Batting: LHB Zack Payton 0-0: Ball
1-0: Ball
2-0: Ball
3-0: Base on Balls
Batting: RHB John Warren 0-0: Called Strike
0-1: Fielders Choice at 2nd, 4-6 (Groundball, 4)
Bottom of the 6th over - 0 run(s), 1 hit(s), 0 error(s), 1 left on base; Newark 24 - Buffalo 5
TOP OF THE 7TH
Newark Bulldogs batting - Pitching for Buffalo LightSabres : RHP Domingo Rodríguez
Batting: LHB Gabriel Aragón 0-0: Ball
1-0: Ball
2-0: Foul Ball, location: 2F
2-1: Ball
3-1: Called Strike
3-2: DOUBLE (Flyball, 89D)
Pitching: LHP Mario Solís
Batting: RHB Norris Howard 0-0: Foul Ball, location: 2F
0-1: Ball
1-1: Foul Ball, location: 2F
1-2: Ball
2-2: Strikes out swinging
Batting: RHB Emílio Salas 0-0: SINGLE (Line Drive, 78S)
Gabriel Aragón to third
Runner from 3rd tries for Home, SAFE, throw made home
Emílio Salas to second
Batting: LHB Gabriel MacNeill 0-0: Called Strike
0-1: Ball
1-1: Ball
2-1: Ball
3-1: Called Strike
3-2: Base on Balls
Batting: RHB Michael Skinner 0-0: Called Strike
0-1: Called Strike
0-2: Ball
1-2: Fly out, F7 (Flyball, 7)
Batting: LHB Gerardo Guzmán 0-0: Ball
1-0: Ball
2-0: Ball
3-0: Base on Balls
Emílio Salas to third
Gabriel MacNeill to second
Batting: RHB Tony Long 0-0: Ball
1-0: Ball
2-0: Ball
3-0: Base on Balls
Emílio Salas scores
Gabriel MacNeill to third
Gerardo Guzmán to second
Batting: RHB Joe Baker 0-0: Single, Error in OF, E8, batter to second base
Gabriel MacNeill scores
Gerardo Guzmán scores
Tony Long to third
Batting: RHB Wilson Flores 0-0: Called Strike
0-1: Swinging Strike
0-2: Strikes out swinging
Top of the 7th over - 4 run(s), 3 hit(s), 1 error(s), 2 left on base; Newark 28 - Buffalo 5
BOTTOM OF THE 7TH
Buffalo LightSabres batting - Pitching for Newark Bulldogs : RHP José Gonzáles
Batting: LHB Craig Kenney 0-0: Swinging Strike
0-1: Ball
1-1: Foul Ball, location: 2F
1-2: SINGLE (Groundball, 4D)
Batting: LHB Leslie Adams 0-0: Ball
Craig Kenney is caught stealing 2nd base
1-0: Called Strike
1-1: Ball
2-1: Ball
3-1: Base on Balls
Batting: RHB Augusto Padilla 0-0: SINGLE (Groundball, 34D)
Leslie Adams to second
Runner from 2nd tries for 3rd, SAFE, throw made to third
Batting: RHB Pedro Romero 0-0: Called Strike
0-1: Ball
1-1: Called Strike
1-2: Ball
2-2: TRIPLE (Flyball, 8RD)
Leslie Adams scores
Augusto Padilla scores
Batting: LHB Matt Ruskin 0-0: Swinging Strike
0-1: Ball
1-1: Ball
2-1: Ball
3-1: Base on Balls
Batting: RHB Gabriel Ángel 0-0: Ball
1-0: Called Strike
1-1: Foul Ball, location: 2F
1-2: Ball
2-2: Foul Ball, location: 2F
2-2: Foul Ball, location: 2F
2-2: Strikes out looking
Matt Ruskin steals 2nd base
Batter strikes out.
Batting: LHB Garrett King 0-0: Ball
1-0: Ball
2-0: SINGLE (Line Drive, 8LS)
Pedro Romero scores
Matt Ruskin to third
Runner from 3rd tries for Home, SAFE, no throw
Pitching: RHP Chris Johns
Batting: LHB Zack Payton 0-0: Called Strike
0-1: Foul Ball, location: 2F
0-2: SINGLE (Flyball, 8RS)
Garrett King to second
Batting: RHB John Warren 0-0: Ball
1-0: Ball
2-0: Swinging Strike
2-1: Foul Ball, location: 2F
2-2: Strikes out swinging
Bottom of the 7th over - 4 run(s), 5 hit(s), 0 error(s), 2 left on base; Newark 28 - Buffalo 9
TOP OF THE 8TH
Newark Bulldogs batting - Pitching for Buffalo LightSabres : LHP Mario Solís
Pitching: RHP Jason Mason
Batting: LHB Gabriel Aragón 0-0: Ball
1-0: Called Strike
1-1: Ball
2-1: Fly out, F4 (Popup, 34D)
Batting: RHB Norris Howard 0-0: Foul Ball, location: 2F
0-1: Foul Ball, location: 2F
0-2: Foul Ball, location: 2F
0-2: Ball
1-2: Foul Ball, location: 2F
1-2: Ball
2-2: Strikes out swinging
Batting: RHB Emílio Salas 0-0: Ground out 5-3 (Groundball, 56S)
Top of the 8th over - 0 run(s), 0 hit(s), 0 error(s), 0 left on base; Newark 28 - Buffalo 9
BOTTOM OF THE 8TH
Buffalo LightSabres batting - Pitching for Newark Bulldogs : RHP Chris Johns
Now at 2B: Stan Simpson
Now in CF: Ángel Tuzzi
Batting: LHB Craig Kenney 0-0: Called Strike
0-1: Ball
1-1: Foul Ball, location: 2F
1-2: Ball
2-2: Ball
3-2: Fly out, F8 (Flyball, 8LS)
Batting: LHB Leslie Adams 0-0: Called Strike
0-1: Foul Ball, location: 2F
0-2: Ball
1-2: Fly out, F7 (Flyball, 78S)
Batting: RHB Augusto Padilla 0-0: Called Strike
0-1: Fly out, F9 (Flyball, 9LSF)
Bottom of the 8th over - 0 run(s), 0 hit(s), 0 error(s), 0 left on base; Newark 28 - Buffalo 9
TOP OF THE 9TH
Newark Bulldogs batting - Pitching for Buffalo LightSabres : RHP Jason Mason
Batting: LHB Gabriel MacNeill 0-0: Fly out, F9 (Flyball, 89M)
Batting: RHB Michael Skinner 0-0: Called Strike
0-1: Ball
1-1: Ball
2-1: Ground out 6-3 (Groundball, 56)
Batting: LHB Gerardo Guzmán 0-0: Called Strike
0-1: Ball
1-1: Ball
2-1: Ball
3-1: Base on Balls
Batting: RHB Tony Long 0-0: Ball
Balk!
Gerardo Guzmán to second
1-0: Ball
2-0: Ball
Balk!
Gerardo Guzmán to third
3-0: Base on Balls
Batting: RHB Joe Baker 0-0: Called Strike
0-1: Swinging Strike
0-2: Foul Ball, location: 2F
0-2: Ball
1-2: Ball
2-2: Strikes out looking
Top of the 9th over - 0 run(s), 0 hit(s), 0 error(s), 2 left on base; Newark 28 - Buffalo 9
BOTTOM OF THE 9TH
Buffalo LightSabres batting - Pitching for Newark Bulldogs : RHP Chris Johns
Batting: RHB Pedro Romero 0-0: Ball
1-0: Ball
2-0: Ball
3-0: Called Strike
3-1: SINGLE (Groundball, 56D)
Batting: LHB Matt Ruskin 0-0: Ball
1-0: Foul Ball, location: 2F
1-1: Ball
2-1: Foul Ball, location: 2F
2-2: Fielders Choice at 2nd, 2-6 (Groundball, 2R)
Batting: RHB Gabriel Ángel 0-0: Foul Ball, location: 2F
0-1: Called Strike
0-2: Ball
1-2: Foul Ball, location: 2F
1-2: Ball
2-2: Foul Ball, location: 2F
2-2: Foul Ball, location: 2F
2-2: Foul Ball, location: 2F
2-2: 2-RUN HOME RUN (Flyball, 7LD), Distance : 364 ft
Batting: LHB Garrett King 0-0: Called Strike
0-1: Foul Ball, location: 2F
0-2: Foul Ball, location: 2F
0-2: Strikes out swinging
Batting: LHB Zack Payton 0-0: Called Strike
0-1: Foul Ball, location: 2F
0-2: Foul Ball, location: 2F
0-2: Ball
1-2: Foul Ball, location: 2F
1-2: Ball
2-2: Ball
3-2: SINGLE (Flyball, 89S)
Batting: RHB John Warren 0-0: Called Strike
0-1: Ball
1-1: Fly out, F4 (Line Drive, 4)
Bottom of the 9th over - 2 run(s), 3 hit(s), 0 error(s), 1 left on base; Newark 28 - Buffalo 11
Tuesday, August 8th, 2017 - OOTP Baseball 17.12 Build 75